 Dungeon Crawl Stone Soup version 0.28.0-45-g0d030f2227 (webtiles) character file.

Game seed: 10134533799695702409

2702 MalarOregon the Magician (level 9, -8/73 HPs)
             Began as a Palentonga Hedge Wizard on Apr 23, 2022.
             Was a Believer of the Shining One.
             Mangled by a wyvern (19 damage)
             ... on level 7 of the Dungeon.
             The game lasted 00:27:34 (9644 turns).

MalarOregon the Magician (Palentonga Hedge Wizard)  Turns: 9644, Time: 00:27:35

Health: -8/73      AC:  2    Str: 14    XL:     9   Next: 38%
Magic:  15/18      EV: 20    Int: 19    God:    the Shining One [**....]
Gold:   340        SH:  5    Dex: 14    Spells: 10/21 levels left

rFire   . . .      SeeInvis +   (weapon currently unavailable)
rCold   . . .      Faith    .   (shield currently unavailable)
rNeg    + + .      Spirit   .   (armour currently unavailable)
rPois   x          Reflect  +   (helmet currently unavailable)
rElec   .          Harm     .   (cloak currently unavailable)
rCorr   .          Rampage  .   (gloves currently unavailable)
Will    .....                   (no barding)
Stlth   +.........              p - amulet of reflection
HPRegen 0.22/turn               h - ring of positive energy
MPRegen 0.16/turn               s - ring of wizardry

@: spider-form (expiring), glowing
A: venomous fangs, tiny, rugged brown scales 3, see invisible, (deformed body),
(roll 1), (armoured tail), (reflexive curl)
a: End Transformation, Renounce Religion, Divine Shield


You were on level 7 of the Dungeon.
You worshipped the Shining One.
The Shining One was pleased with you.
You were a venomous arachnid creature.
You visited 1 branch of the dungeon, and saw 7 of its levels.
You also visited: Ossuary.

You collected 340 gold pieces.


Innate Abilities, Weirdness & Mutations

You are a venomous arachnid creature.
You have poisonous fangs.
You are tiny and dextrous.
Your spellcasting is less reliable in this form.
Your armour is entirely melded.
You are incapable of wielding weapons or throwing items.
(You are completely covered in rugged brown scales. (AC +3, +7% HP))
You have supernaturally acute eyesight. (SInv)
((Armour fits poorly on your strangely shaped body.))
((You can roll at nearby foes to attack.))
((You have a long armoured tail.))
((You curl defensively after being hit. (AC +7*)))


   Skills:
 * Level 6.2 Fighting
 + Level 4.0 Dodging
 - Level 1.2 Stealth
 * Level 6.5 Spellcasting
 * Level 5.8 Conjurations
 - Level 3.0 Summonings
 - Level 3.0 Translocations
 * Level 0.5 Transmutations


You had 10 spell levels left.
You knew the following spells:

 Your Spells              Type           Power      Damage    Failure   Level
a - Magic Dart            Conj           100%       1d8       2%          1
b - Blink                 Tloc           34%        N/A       6%          2
c - Spider Form           Tmut/Pois      7%         N/A       22%         3
f - Mephitic Cloud        Conj/Pois/Air  13%        N/A       13%         3
x - Call Imp              Summ           17%        N/A       6%          2

Your spell library contained the following spells:

 Spells                   Type           Power      Damage    Failure   Level
 Apportation              Tloc           34%        N/A       4%          1
 Summon Small Mammal      Summ           68%        N/A       4%          1
 Beastly Appendage        Tmut           16%        N/A       9%          1
 Conjure Flame            Conj/Fire      17%        6-21      10%         3
 Animate Skeleton         Necr           12%        N/A       11%         1
 Slow                     Hex            24%        N/A       11%         1
 Wereblood                Tmut           8%         N/A       12%         2
 Ensorcelled Hibernation  Hex/Ice        12%        N/A       14%         2
 Iskenderun's Battlesphe  Conj           28%        2d8       21%         5
 Summon Lightning Spire   Summ/Air       11%        N/A       38%         4
 Fireball                 Conj/Fire      8%         3d6       50%         5
 Lightning Bolt           Conj/Air       8%         1d21      50%         5
 Airstrike                Air            3%         N/A       54%         4
 Anguish                  Hex/Necr       3%         N/A       54%         4
 Conjure Ball Lightning   Conj/Air       8%         3x3d6     94%         6
 Orb of Destruction       Conj           14%        9d7       98%         7

Inventory:

Hand Weapons
 a - a +4 mace (melded)
   (You took it off an orc priest on level 5 of the Dungeon)
Armour
 b - a +0 robe (melded)
 k - a +2 pair of gloves (melded)
   (You found it on level 2 of the Dungeon)
 q - a +0 helmet (melded)
   (You took it off Robin on level 3 of the Dungeon)
Jewellery
 h - a ring of positive energy (left front leg)
   (You found it on level 1 of the Dungeon)
 p - an amulet of reflection (around neck)
   (You found it on level 3 of the Dungeon)
 s - a ring of wizardry (right front leg)
   (You took it off a hobgoblin on level 3 of the Dungeon)
 w - a ring of fire
   (You found it on level 4 of the Dungeon)
 B - a ring of flight
   (You found it on level 7 of the Dungeon)
 G - a +6 ring of intelligence
   (You found it in an ossuary)
Wands
 d - a wand of iceblast (10)
   (You found it on level 4 of the Dungeon)
 t - a wand of flame (25)
   (You found it on level 6 of the Dungeon)
Scrolls
 c - 2 scrolls of immolation {unknown}
 f - 2 scrolls of vulnerability {unknown}
 i - a scroll of torment {unknown}
 j - a scroll of enchant armour {unknown}
 l - a scroll of teleportation {unknown}
 m - a scroll of holy word {unknown}
 o - a scroll of noise {unknown}
 r - 2 scrolls of magic mapping {unknown}
 u - a scroll of enchant weapon {unknown}
 v - a scroll of fear {unknown}
 y - 2 scrolls of fog {unknown}
Potions
 e - a potion of brilliance
 g - 2 potions of heal wounds {@q2}
 n - a potion of berserk rage {unknown}
 x - 2 potions of might
 A - 2 potions of curing {@q1}
 C - a potion of ambrosia
 D - 2 potions of mutation {!q}
 E - a potion of lignification {unknown}
 F - a potion of magic {unknown}

Dungeon Overview and Level Annotations

Branches:
Dungeon (7/15)             Temple (0/1) D:7         Ossuary (visited)

Altars:
Hepliaklqana
Kikubaaqudgha
Sif Muna
Uskayaw
Wu Jian
Xom
The Shining One

Shops:
D:5 = D:7

: ...PP.P..............#
#.##
.....P.....#.###.#.....#
#..# ..##!...#.#
#.#########..#
###...#.###.............
#...........(...........
#...........#######.....
#...........# #.....
#...........# #....#.
#######s##### #......
#...l....# #^.....
####........# #......
...)......).# .......
............# ......
.......<##### ......
........# ......
........# ...[.
........# ....


You could see a wyvern (very poisoned).


Message History

Aiming: Magic Dart (safe; 1% risk of failure)
Press: ? - help, Shift-Dir - straight line, f - white imp
Aim: a white imp (100% to hit)
The magic dart hits the white imp.
Casting: Magic Dart (safe; 1% risk of failure)
Confirm with . or Enter, or press ? or * to list all spells.
Aiming: Magic Dart (safe; 1% risk of failure)
Press: ? - help, Shift-Dir - straight line, f/p - white imp
Aim: a white imp (moderately wounded, 100% to hit)
The magic dart hits the white imp.
Casting: Magic Dart (safe; 1% risk of failure)
Confirm with . or Enter, or press ? or * to list all spells.
Aiming: Magic Dart (safe; 1% risk of failure)
Press: ? - help, Shift-Dir - straight line, f/p - white imp
Aim: a white imp (heavily wounded, haloed, 100% to hit)
The magic dart hits the white imp but does no damage.
The white imp gestures at you.
The puff of frost hits you but does no damage.
Casting: Magic Dart (safe; 1% risk of failure)
Confirm with . or Enter, or press ? or * to list all spells.
Aiming: Magic Dart (safe; 1% risk of failure)
Press: ? - help, Shift-Dir - straight line, f/p - white imp
Aim: a white imp (heavily wounded, haloed, 100% to hit)
The magic dart hits the white imp but does no damage.
You thump the white imp!
You kill the white imp!
The Shining One accepts your kill.
B - a ring of flight You drop 3 potions of flight.
You open the door.
An ogre comes into view. It is wielding a +0 giant club.
The ogre moves out of view.
Found a stone staircase leading up.
Found a dagger.
There is an open door here.
Casting: Magic Dart (safe; 1% risk of failure)
Confirm with . or Enter, or press ? or * to list all spells.
Aiming: Mephitic Cloud (dangerous; 6% risk of failure)
Press: ? - help, Shift-Dir - straight line, f - ogre
Aim: an ogre, wielding a +0 giant club (haloed, chance to affect: 77%)
The ball explodes into a vile cloud!
The stinking cloud engulfs the ogre but does no damage.
You hear an angry hiss.
The ogre is engulfed in noxious fumes.
The ogre appears confused.
The ogre shouts, "NO!"
The ogre is engulfed in noxious fumes.
The ogre appears confused.
The ogre cries.
The ogre hits you with a +0 giant club.
The ogre hits itself with a +0 giant club!!
You hit the ogre.
You kill the ogre!
Found 21 arrows.
You block the wyvern's attack.
You hit the wyvern.
Your tail-slap misses the wyvern.
The wyvern completely misses you. The wyvern bites you!
You barely miss the wyvern. The wyvern bites you! The wyvern bites you.
You hit the wyvern. The wyvern bites you!
The wyvern bites you but does no damage.
You hit the wyvern. The wyvern bites you!
* * * LOW HITPOINT WARNING * * *
The wyvern bites you but does no damage.
Unknown command.
Unknown command.
Unknown command.
Unknown command.
You hit the wyvern. You tail-slap the wyvern. The wyvern barely misses you.
The wyvern bites you.
* * * LOW HITPOINT WARNING * * *
You block the wyvern's attack.
You barely miss the wyvern.
Your tail-slap misses the wyvern.
You block the wyvern's attack. The wyvern closely misses you.
You hit the wyvern but do no damage.
The wyvern bites you but does no damage.
The wyvern barely misses you.
You hit the wyvern. The wyvern bites you!
* * * LOW HITPOINT WARNING * * *
The wyvern bites you!
* * * LOW HITPOINT WARNING * * *
You feel much better. The wyvern barely misses you.
Casting: Mephitic Cloud (dangerous; 6% risk of failure)
Confirm with . or Enter, or press ? or * to list all spells.
Aiming: Magic Dart (safe; 1% risk of failure)
Press: ? - help, Shift-Dir - straight line, f - wyvern
Aim: a wyvern (heavily wounded, haloed, 100% to hit)
The magic dart hits the wyvern but does no damage.
You block the wyvern's attack. The wyvern bites you.
* * * LOW HITPOINT WARNING * * *
Casting: Magic Dart (safe; 1% risk of failure)
Confirm with . or Enter, or press ? or * to list all spells.
You turn into a venomous arachnid creature.
Your +4 mace melds into your body.
Your +0 helmet melds into your body.
Your +2 pair of gloves melds into your body.
Your +0 robe melds into your body.
The wyvern bites you!
* * * LOW HITPOINT WARNING * * *
You hit the wyvern.
The wyvern is poisoned.
The wyvern bites you!
* * * LOW HITPOINT WARNING * * *
The wyvern misses you.
Your transformation is almost over.
The wyvern misses you. The wyvern bites you!!
You die...

Skill      XL: |  1  2  3  4  5  6  7  8  9 |
---------------+----------------------------+-----
Conjurations   | 1 2 3 4 5 |  5.8
Summonings     | 1 2 3 |  3.0
Fighting       | 1 2 3 4 5 6 |  6.2
Dodging        | 2 3 4 |  4.0
Translocations | 2 3 |  3.0
Spellcasting   | 4 5 6 |  6.5
Stealth        | |  1.2
Transmutations | |  0.5

Action                   |  1- 3 |  4- 6 |  7- 9 || total
-------------------------+-------+-------+-------++-------
Melee: Dagger            |    27 |   107 |    30 ||   164
       Tailslap          |     6 |    13 |    32 ||    51
       Punch             |     1 |     3 |     2 ||     6
       Mace              |       |       |   181 ||   181
       Unarmed           |       |       |     1 ||     1
 Cast: Magic Dart        |    63 |    58 |   139 ||   260
       Call Imp          |     5 |     9 |    22 ||    36
       Mephitic Cloud    |       |     1 |     7 ||     8
       Spider Form       |       |       |     1 ||     1
 Abil: Rolling Charge    |       |       |     2 ||     2
  Use: Potion            |       |     3 |     3 ||     6
       Scroll            |       |       |     7 ||     7
 Stab: Distracted        |       |       |     2 ||     2
Armor: Robe              |    16 |    62 |   158 ||   236
Dodge: Dodged            |    20 |    49 |   152 ||   221
Block: Other             |       |    15 |    81 ||    96
       Reflection        |       |       |     2 ||     2

Levels and vault maps discovered:
D:1:      minmay_arrival_shoal_huts, layout_basic
D:2:      layout_rooms, basic_ecumenical_altar
D:3:      layout_rooms, gammafunk_temple_overflow_statue, uniq_robin,
          uniq_grinder
D:4:      layout_gridville, uniq_sigmund
D:5:      layout_layer_cave, nicolae_uskayaw_dance_hall,
          mainiacjoe_overflow_six_doors_small, mainiacjoe_overflow_chevrons,
          serial_shops, nicolae_stop_n_shop_2
D:6:      layout_rooms, nicolae_tso_carved_into_rock,
          nicolae_ossuary_entry_plus, grunt_decor_mini_mirrors,
          dk_noncrumbling_4, kennysheep_generic_room_12
D:7:      layout_basic, mainiacjoe_overflow_catwalk, xom_teletrap_fun,
          minmay_temple_entry_overgrown, serial_shops, nicolae_square_shop,
          shop, shop, nicolae_shop_competitors_out_of_business

Notes
Turn   | Place    | Note
-------+----------+-------------------------------------------
     0 | D:1      | MalarOregon the Palentonga Hedge Wizard began the quest for
                  | the Orb.
     0 | D:1      | Reached XP level 1. HP: 13/13 MP: 4/4
   170 | D:1      | Reached skill level 1 in Conjurations
   433 | D:1      | Reached XP level 2. HP: 21/21 MP: 1/6
   485 | D:1      | Learned a level 2 spell: Blink
   488 | D:1      | Learned a level 2 spell: Call Imp
  1033 | D:2      | Found a faded altar of an unknown god.
  1036 | D:2      | Reached skill level 1 in Summonings
  1109 | D:2      | You pick up a book of Cantrips and begin reading...
  1109 | D:2      | You add the spells Animate Skeleton, Summon Small Mammal
                  | and Apportation to your library.
  1149 | D:2      | Reached skill level 1 in Fighting
  1227 | D:2      | Reached XP level 3. HP: 27/27 MP: 0/7
  1460 | D:2      | HP: 6/27 [gnoll/+0 spear (2)]
  1907 | D:2      | You pick up a book of Dreams and begin reading...
  1907 | D:2      | You add the spells Ensorcelled Hibernation, Spider Form and
                  | Anguish to your library.
  2156 | D:2      | Reached XP level 4. HP: 21/34 MP: 1/9
  2302 | D:3      | You pick up a book of Storms and begin reading...
  2302 | D:3      | You add the spells Airstrike, Summon Lightning Spire and
                  | Lightning Bolt to your library.
  2549 | D:3      | Noticed Robin
  2589 | D:2      | Reached skill level 2 in Conjurations
  2884 | D:3      | Killed Robin
  3133 | D:3      | Reached skill level 2 in Dodging
  3249 | D:3      | Reached skill level 2 in Fighting
  3313 | D:3      | Reached XP level 5. HP: 40/40 MP: 1/10
  3391 | D:3      | Learned a level 3 spell: Mephitic Cloud
  3408 | D:3      | Noticed Grinder
  3547 | D:3      | Killed Grinder
  3548 | D:3      | Reached skill level 2 in Translocations
  3548 | D:3      | Reached XP level 6. HP: 37/49 MP: 2/11
  3754 | D:3      | Found an ornate altar of the Wu Jian Council.
  3754 | D:3      | Found an ancient bone altar of Kikubaaqudgha.
  3860 | D:4      | Reached skill level 4 in Spellcasting
  4139 | D:4      | Noticed Sigmund
  4329 | D:4      | Killed Sigmund
  4330 | D:4      | Reached skill level 3 in Fighting
  4330 | D:4      | Reached skill level 3 in Conjurations
  4330 | D:4      | Reached skill level 2 in Summonings
  4330 | D:4      | Gained mutation: You curl defensively after being hit. (AC
                  | +7*) [Palentonga growth]
  4330 | D:4      | Reached XP level 7. HP: 51/55 MP: 8/13
  5448 | D:5      | Entered Level 5 of the Dungeon
  5567 | D:5      | Found Boikin Uvva's Jewellery Boutique.
  5812 | D:5      | Found a hazy altar of Hepliaklqana.
  5945 | D:5      | Found a shimmering blue altar of Sif Muna.
  6048 | D:4      | Reached skill level 3 in Translocations
  6320 | D:5      | Found a hide-covered altar of Uskayaw.
  6542 | D:5      | Reached skill level 4 in Fighting
  7227 | D:5      | Reached skill level 3 in Dodging
  7227 | D:5      | Reached skill level 5 in Spellcasting
  7227 | D:5      | Reached skill level 4 in Conjurations
  7227 | D:5      | Reached XP level 8. HP: 42/64 MP: 15/15
  7391 | D:6      | HP: 16/65 [centaur (5)]
  7476 | D:6      | Found a glowing golden altar of the Shining One.
  7480 | D:6      | Became a worshipper of the Shining One
  7530 | D:6      | Found a sand-covered staircase.
  7536 | Ossuary  | Entered an ossuary
  7671 | Ossuary  | Reached skill level 3 in Summonings
  7724 | Ossuary  | Reached skill level 5 in Fighting
  7835 | Ossuary  | Reached * piety under the Shining One
  7858 | Ossuary  | Reached skill level 5 in Conjurations
  8110 | Ossuary  | Reached skill level 6 in Spellcasting
  8289 | Ossuary  | Reached XP level 9. HP: 19/72 MP: 15/18
  8289 | Ossuary  | HP: 17/72 [poisoned by a scorpion]
  8311 | Ossuary  | Reached ** piety under the Shining One
  9261 | D:6      | Reached skill level 6 in Fighting
  9402 | D:7      | Found Jeumpoej's Book Emporium.
  9408 | D:7      | Reached skill level 4 in Dodging
  9480 | D:7      | You pick up a book of Changes and begin reading...
  9480 | D:7      | You add the spells Beastly Appendage and Wereblood to your
                  | library.
  9492 | D:7      | Learned a level 3 spell: Spider Form
  9497 | D:7      | Found a shimmering altar of Xom.
  9516 | D:7      | You pick up a book of the Spheres and begin reading...
  9516 | D:7      | You add the spells Iskenderun's Battlesphere, Fireball,
                  | Conjure Ball Lightning and Orb of Destruction to your
                  | library.
  9558 | D:7      | Found a staircase to the Ecumenical Temple.
  9636 | D:7      | HP: 15/73 [wyvern (15)]
  9636 | D:7      | HP: 4/73 [wyvern (11)]
  9644 | D:7      | Mangled by a wyvern

Vanquished Creatures
  Grinder (D:3)
  An orc warrior (D:6)
  An ice beast (D:6)
  A sky beast (D:7)
  A black bear (D:6)
  2 ogres
  2 centaurs
  2 phantoms
  8 scorpions (Ossuary)
  5 centaur zombies (Ossuary)
  3 human zombies (Ossuary)
  An orc priest (D:5)
  A hound (D:6)
  A bullfrog skeleton (D:5)
  3 jellies
  A centaur skeleton (D:7)
  An iguana (D:6)
  An orc wizard (D:6)
  2 scorpion zombies (Ossuary)
  3 mummies (Ossuary)
  Robin (D:3)
  4 adders
  2 gnolls (D:2)
  A white imp (D:7)
  2 ufetubi
  A worm (D:3)
  4 dart slugs
  14 orcs
  3 endoplasms
  A giant cockroach (D:2)
  2 gnoll zombies (Ossuary)
  11 goblins
  11 hobgoblins
  A kobold (D:2)
  A quokka (D:1)
  7 ball pythons
  13 bats
  A frilled lizard (D:3)
  4 goblin zombies (Ossuary)
  2 hobgoblin zombies (Ossuary)
  A kobold zombie (Ossuary)
  An orc zombie (Ossuary)
  4 rats
133 creatures vanquished.

Vanquished Creatures (collateral kills)
  Sigmund (D:4)
  A water moccasin (D:4)
  A hound (D:5)
  An orc priest (D:4)
  3 iguanas
  2 gnolls (D:2)
  An adder skeleton (D:4)
  4 orcs
  A ball python (D:4)
15 creatures vanquished.

Grand Total: 148 creatures vanquished

Table legend:
 A = Non-vault XP
 B = Vault XP
 C = Vault XP percentage of total XP
 D = Non-vault monster count
 E = Vault monster count
 F = Vault count percentage of total count
                 A         B        C        D         E       F
            +---------+---------+-------+---------+---------+-------
      Total |    2083 |    1777 |  46.0 |     102 |      46 |  31.1
            +---------+---------+-------+---------+---------+-------
        D:1 |      27 |       0 |   0.0 |      15 |       0 |   0.0
        D:2 |      88 |      21 |  19.3 |      20 |      11 |  35.5
        D:3 |      58 |     277 |  82.7 |      17 |       2 |  10.5
        D:4 |     387 |     223 |  36.6 |      15 |       1 |   6.2
        D:5 |     444 |       0 |   0.0 |      14 |       0 |   0.0
        D:6 |     784 |     105 |  11.8 |      17 |       1 |   5.6
        D:7 |     295 |       0 |   0.0 |       4 |       0 |   0.0
    Ossuary |       0 |    1151 | 100.0 |       0 |      31 | 100.0
            +---------+---------+-------+---------+---------+-------

Illustrated notes

Table legend:
 A = Kills in this place as a percentage of kills in entire the game.
 B = Kills by you in this place as a percentage of kills by you in the entire game.
 C = Kills by friends in this place as a percentage of kills by friends in the entire game.
 D = Other kills in this place as a percentage of other kills in the entire game.
 E = Experience gained in this place as a percentage of experience gained in the entire game.
 F = Experience gained in this place divided by the number of levels of this place that you have seen.
                   A       B       C       D       E      F
               +-------+-------+-------+-------+-------+----------------------
         Total | 100.0 | 100.0 | 100.0 |   N/A | 100.0 | 482.5
       Dungeon |  79.1 |  76.7 | 100.0 |   N/A |  70.2 | 387.0
       Ossuary |  20.9 |  23.3 |   0.0 |   N/A |  29.8 | 1151.0
               +-------+-------+-------+-------+-------+----------------------

Table legend: (Time is in decaauts)
 A = Elapsed time spent in this place.
 B = Non-inter-level travel time spent in this place.
 C = Inter-level travel time spent in this place.
 D = Time resting spent in this place.
 E = Time spent auto-exploring this place.
 F = Levels seen in this place.
 G = Mean time per level.
                   A        B        C        D        E       F      G
               +--------+--------+--------+--------+--------+-----+--------+
         Total |   9725 |   9339 |    386 |   1798 |   5756 |   8 | 1215.6 |
       Dungeon |   8511 |   8125 |    386 |   1468 |   5179 |   7 | 1215.9 |
       Ossuary |   1213 |   1213 |      0 |    330 |    577 |   1 | 1213.0 |
               +--------+--------+--------+--------+--------+-----+--------+

Top non-repeatable levels by time:
     D:4: 1797 daAuts
     D:5: 1616 daAuts
     D:2: 1443 daAuts
     D:1: 1267 daAuts
 Ossuary: 1213 daAuts
     D:3: 1144 daAuts
     D:6: 995 daAuts
     D:7: 248 daAuts
